AoeStats
← HAKUNA MATATA

African Clearing

504291092Analyzed
4v4 RM · 28d ago on Sep 4, 2026· 32m 33s· 8 players
Game mode
Random Map
Map size
Large (8 player)
Population
200
Speed
Normal
Resources
Standard
Victory
Conquest
Starting age
Dark Age
Ending age
Imperial Age
RankedLock teamsTeams togetherTeam positionsShared explorationLock speedFull tech treeHidden civsTurbo modeCheats
Victory
Defeat
🇮🇳 Vietnamese · India
1657
+6
🇭🇰 Berbers · Hong Kong SAR China
1500
+11
🇦🇷 Franks · Argentina
1440
+14
🇹🇷 Mongols · Türkiye
1327
+18
🇨🇭 Bulgarians · Switzerland
1435
-14
🇲🇹 Spanish · Malta
1409
-13
🇮🇹 Mongols · Italy
1380
-11
🇷🇺 Burmese · Russia
1358
-11
HSL | errik
5:14 Loom
13:38 Feudal Age
17:41 Castle Age
25:32 Fletching
26:56 Padded Archer Armor
29:36 Bodkin Arrow
31:16 Leather Archer Armor
32:15 Bloodlines
32:06 Husbandry
Reis
7:37 Loom
13:42 Feudal Age
18:37 Castle Age
19:12 Forging
21:36 Fletching
23:54 Bodkin Arrow
proxxi
13:01 Feudal Age
13:56 Loom
17:32 Castle Age
18:57 Padded Archer Armor
Абэма
5:52 Loom
14:09 Feudal Age
17:43 Castle Age
19:26 Wheelbarrow
21:05 Horse Collar
27:07 Scale Barding Armor
27:24 Padded Archer Armor
28:06 Hand Cart
HAKUNA MATATA
13:54 Feudal Age
15:26 Loom
17:48 Castle Age
19:16 Town Watch
Bear
13:56 Feudal Age
17:27 Scale Barding Armor
18:51 Wheelbarrow
19:36 Forging
24:44 Castle Age
25:53 Chain Barding Armor
распродаж
13:45 Feudal Age
17:25 Castle Age
15:50 Double-Bit Axe
15:45 Horse Collar
16:46 Loom
20:29 Ballistics
20:21 Fletching
22:08 Bodkin Arrow
24:48 Town Watch
29:46 Wheelbarrow
29:22 Bow Saw
30:16 Padded Archer Armor
30:31 Gold Mining
33:00 Hand Cart
NoisyBuoy
13:48 Feudal Age
14:22 Feudal Age
14:16 Loom
14:58 Double-Bit Axe
16:01 Fishing Lines
18:29 Castle Age
17:18 Gold Mining
19:26 Bow Saw
19:24 Gillnets
20:12 Fletching
21:38 Stone Mining
22:46 Bodkin Arrow
25:08 Ballistics
24:34 Horse Collar
25:41 Heavy Plow
28:07 Wheelbarrow
27:18 Town Watch
29:20 Hand Cart
29:15 Padded Archer Armor
35:00 Imperial Age
Connection lost

Rejoining the realm…

Still unreachable

The connection could not be restored.

Session expired

The server has moved on; the page needs a fresh start.